 Dungeon Crawl Stone Soup version 0.19-a0-26-gae82a2b (webtiles) character file.

942915 Blackbelt the Ninja (level 27, -2/209 HPs)
             Began as a High Elf Conjurer on Apr 29, 2016.
             Was the Champion of Vehumet.
             Engulfed by a cloud of negative energy (4 damage)
             ... on level 24 of a ziggurat on May 1, 2016.
             The game lasted 17:07:20 (115287 turns).

Blackbelt the Ninja (High Elf Conjurer)           Turns: 115287, Time: 17:07:25

Health: -2/209     AC: 20    Str: 10 (13) XL:     27
Magic:  18/67      EV: 26    Int: 39      God:    Vehumet [******]
Gold:   5216       SH: 14    Dex: 15      Spells: 10 memorised, 0 levels left

rFire  + + +     SeeInvis +     H - +7 Screaming Sword
rCold  + . .     Gourm    +     A - +1 robe of Gluttony {rF+ MR+++ Regen+ Int-2}
rNeg   + . .     Faith    .     k - +2 shield {rN+}
rPois  .         Spirit   .     Q - +2 helmet {SInv}
rElec  +         Dismiss  .     T - +4 dragonskin cloak
rCorr  .         Reflect  .     W - +2 pair of gloves {Str+3}
SustAt .         Harm     .     V - +2 pair of boots {Stlth+}
MR     +++++                    r - amulet "Tiet Yto" {Gourm rF++ Int+3 SInv Stlth-}
Stlth  ++++......               N - ring of Osoy {rElec MP+9 Int+4 Dex-5}
                                j - ring "Faedoty" {+Blink rF+ MP+9 Str+3 Int+3}

@: lethally poisoned (-2 -> -5), contaminated, glowing, deflect missiles,
drained, almost entirely resistant to hostile enchantments, stealthy
A: talons 1, slimy green scales 2, cold resistance 1, mutation resistance 1,
MP-powered wands
a: Renounce Religion, Evoke Blink
}: 4/15 runes: serpentine, barnacled, slimy, silver


You were on level 24 of a ziggurat.
You worshipped Vehumet.
Vehumet was exalted by your worship.
You were not hungry.

You visited 12 branches of the dungeon, and saw 61 of its levels.
You visited the Abyss 1 time.
You visited 2 bazaars.
You visited 1 ziggurat, and saw 24 of its levels.
You also visited: Sewer, Ice Cave and Volcano.

You collected 9716 gold pieces.
You spent 4500 gold pieces at shops.

Inventory:

Hand Weapons
 F - the +12 rapier of Wrath {pierce, rC+ Int+4 SInv}
   (You found it on level 6 of the Pits of Slime)

   It inflicts extra damage upon your enemies.
   It affects your intelligence (+4).
   It protects you from cold.
   It lets you see invisible.
 H - the +7 Screaming Sword (weapon)
   (You found it on level 3 of the Elven Halls)
 U - the +3 morningstar of Xom's Righteous Fury {flame, rPois Int+5}
   (You found it on level 8 of a ziggurat)

   It has been specially enchanted to burn those struck by it, causing extra
   injury to most foes and up to half again as much damage against particularly
   susceptible opponents.
   It affects your intelligence (+5).
   It protects you from poison.
Armour
 a - the +4 faerie dragon armour {rCorr Int+3}
   (You took it off the Enchantress on level 3 of the Depths)

   It affects your intelligence (+3).
   It protects you from acid and corrosion.
 b - the +1 helmet of Immorality {rElec}
   (You found it on level 9 of a ziggurat)

   It insulates you from electricity.
 k - a +2 shield of positive energy (worn)
 s - the +3 robe of the Rose {*Confuse rC+++ MP+9 Str+2}
   (You found it on level 11 of a ziggurat)

   It affects your strength (+2).
   It renders you almost immune to cold.
   It affects your magic capacity (+9).
   It may confuse you when you take damage.
 A - the +1 robe of Gluttony (worn) {rF+ MR+++ Regen+ Int-2}
   (You found it on level 17 of a ziggurat)

   It affects your intelligence (-2).
   It protects you from fire.
   It affects your resistance to hostile enchantments.
   It increases your rate of regeneration.
 Q - a +2 helmet of see invisible (worn)
 T - the +4 dragonskin cloak (worn)
   (You took it off Tiamat on level 3 of the Realm of Zot)
 V - a +2 pair of boots of stealth (worn)
 W - a +2 pair of gloves of strength (worn)
Jewellery
 j - the ring "Faedoty" (left hand) {+Blink rF+ MP+9 Str+3 Int+3}
   (You found it on level 16 of a ziggurat)

   [ring of protection from fire]

   It affects your strength (+3).
   It affects your intelligence (+3).
   It protects you from fire.
   It affects your magic capacity (+9).
   It lets you blink.
 r - the amulet "Tiet Yto" (around neck) {Gourm rF++ Int+3 SInv Stlth-}
   (You bought it in a shop on level 7 of the Dungeon)

   [amulet of the gourmand]

   It allows you to eat raw meat even when not hungry.
   It affects your intelligence (+3).
   It greatly protects you from fire.
   It lets you see invisible.
   It makes you less stealthy.
 N - the ring of Osoy (right hand) {rElec MP+9 Int+4 Dex-5}
   (You bought it in a shop on level 7 of the Dungeon)

   [ring of magical power]

   It affects your intelligence (+4).
   It affects your dexterity (-5).
   It insulates you from electricity.
   It affects your magic capacity (+9).
Wands
 g - a wand of heal wounds (2/9)
 w - a wand of teleportation (4/9)
Scrolls
 e - 23 scrolls of teleportation
 n - 5 scrolls of holy word
 p - 11 scrolls of fog
 x - 16 scrolls of recharging
 B - 30 scrolls of remove curse
 D - 10 scrolls of enchant armour
 G - 11 scrolls of magic mapping
 I - 2 scrolls of amnesia
 M - 6 scrolls of blinking
 O - 9 scrolls of fear
 P - 14 scrolls of enchant weapon
 R - a scroll of summoning
 X - 14 scrolls of identify
 Y - 3 scrolls of silence
Potions
 d - 12 potions of cure mutation
 i - 14 potions of brilliance
 l - 3 potions of heal wounds
 q - 15 potions of flight
 t - 3 potions of cancellation
 v - 15 potions of curing
 z - 5 potions of haste
 C - 10 potions of agility
 J - 5 potions of resistance
 L - a potion of invisibility
 S - 15 potions of might
Books
 f - a book of Necromancy

   Spells                             Type                      Level
   a - Pain                           Necromancy                   1
   b - Animate Skeleton               Necromancy                   1
   c - Vampiric Draining              Necromancy                   3
   d - Regeneration                   Charms/Necromancy            3
   e - Animate Dead                   Necromancy                   4
   f - Control Undead                 Necromancy                   4
 m - an Akashic Record

   Spells                             Type                      Level
   a - Dispersal                      Translocation                6
   b - Malign Gateway                 Summoning/Translocation      7
   c - Disjunction                    Translocation                8
   d - Controlled Blink               Translocation                8
 u - the Papyrus of Sinister Hexes
   (You found it on level 17 of a ziggurat)

   Spells                             Type                      Level
   a - Animate Skeleton               Necromancy                   1
   b - Pain                           Necromancy                   1
   c - Slow                           Hexes                        2
   d - Cause Fear                     Hexes                        4
   e - Darkness                       Hexes                        6
   f - Death Channel                  Necromancy                   6
Miscellaneous
 y - a crystal ball of energy
Comestibles
 c - 30 bread rations
 h - 30 meat rations
 o - 9 royal jellies
 Z - 41 fruits


   Skills:
 + Level 22.7(22.6) Fighting
 - Level 8.1(8.0) Long Blades
 - Level 20.2(20.1) Dodging
 O Level 27(26.8) Stealth
 - Level 13.3(13.2) Shields
 - Level 21.2(21.1) Spellcasting
 - Level 24.0(23.9) Conjurations
 - Level 10.0(9.9) Charms
   Level 8.0 Summonings
 - Level 19.0(18.9) Translocations
 - Level 20.6(20.5) Fire Magic
   Level 12.5(12.4) Ice Magic
 - Level 25.0(24.8) Air Magic
 - Level 13.0(12.9) Earth Magic
   Level 5.0(4.9) Poison Magic


You couldn't memorise any spells.
You knew the following spells:

 Your Spells              Type           Power        Failure   Level  Hunger
a - Fire Storm            Conj/Fire      ########..   2%          9    ####...
b - Conjure Ball Lightni  Conj/Air       ########..   0%          6    None
c - Regeneration          Chrm/Necr      ######....   1%          3    None
d - Chain Lightning       Conj/Air       ########..   1%          8    ##.....
e - Fireball              Conj/Fire      ########..   0%          5    None
g - Tornado               Air            ########..   1%          9    ####...
h - Haste                 Chrm           #######.     1%          6    None
i - Lehudib's Crystal Sp  Conj/Erth      ########..   1%          8    ##.....
j - Controlled Blink      Tloc           N/A          1%          8    ##.....
m - Deflect Missiles      Chrm/Air       ########..   1%          6    None


Dungeon Overview and Level Annotations

Branches:
Dungeon (15/15)            Temple (1/1) D:5            Lair (8/8) D:10
 Shoals (4/4) Lair:3        Snake (4/4) Lair:5        Slime (6/6) Lair:7
    Orc (2/2) D:9             Elf (3/3) Orc:2        Vaults (5/5) D:14
  Crypt (3/3) Vaults:3       Tomb (0/3) Crypt:3      Depths (5/5) D:15
    Zot (5/5) Depths:5

Altars:
Ashenzari
Cheibriados
Dithmenos
Elyvilon
Fedhas
Gozag
Kikubaaqudgha
Makhleb
Nemelex Xobeh
Okawaru
Pakellas
Qazlal
Ru
Sif Muna
Trog
Vehumet
Xom
Yredelemnul
Zin
The Shining One
Jiyva

Shops:
D:5 [   D:7 =   D:15 }   Orc:1 ?   Orc:2 (*=:   Elf:2 :   Snake:3 [([(=
Snake:4 (   Vaults:4 }

Portals:
Hell: Lair:8 Depths:1 Depths:2 Depths:3 Depths:4 Depths:5
Abyss: Depths:4
Pandemonium: Depths:3 Depths:5


Innate Abilities, Weirdness & Mutations

You have sharp toenails.
You are mostly covered in slimy green scales (AC +3).
Your flesh is cold resistant.
You are somewhat resistant to further mutation.
You expend magic power (3 MP) to strengthen your wands.


Message History

Vehumet accepts your kill.
You feel your power returning.
The great blast of fire engulfs the mummy.
The mummy is burned terribly!
You destroy the mummy!
Vehumet accepts your kill.
You feel your power returning.
The great blast of fire engulfs the greater mummy.
You destroy the greater mummy!
Vehumet accepts your kill.
You feel your power returning.
You feel extremely nervous for a moment...
You feel weakened.
The great blast of fire engulfs the flying skull.
The flying skull partially resists.
You destroy the flying skull!
Vehumet accepts your kill.
You feel your power returning.
You are engulfed in negative energy.
You resist. You partially resist.
You feel drained.
You die...

.H.. ..▓▓ .§§§
#..▓▓ †).v§
##...▓▓
.§v.§##.....▓▓
v§§§§........▓▓
vvvv§.........▓▓
§§§§§W......[..▓▓
§§v§§§........§.▓
Mv§v§M§§§vv.§@.▓▓
...§§§v§§§§§s..▓▓
....v§v§§v§§..▓▓
.8.8.§##§§v§.▓▓
..§§§. ##v§§▓▓
....ZM§##.4▓▓
......§WW§▓▓
......§M§▓▓
......§§▓▓


You could see a greater mummy (dazed), an emperor scorpion, a rust devil, 2
shadows and 5 friendly fire vortices.

Vanquished Creatures
  the Royal Jelly (Slime:6)
  Tiamat (Zot:3)
  9 ancient liches
  The ghost of MrRokkomies the Shatterer, a legendary OgHu of Makhleb (Slime:6)
  3 orbs of fire (Zot:5)
  Mara (Snake:3)
  5 juggernauts
  13 greater mummies (Zig:24)
  Saint Roka (Vaults:1)
  Frederick (Vaults:4)
  A caustic shrike (Zig:9)
  15 Killer Klowns
  3 curse toes
  3 golden dragons
  10 pandemonium lords
  the Enchantress (Depths:3)
  5 bone dragons
  2 Tzitzimimeh (Zig:21)
  Xtahua (Crypt:3)
  Nikola (Depths:1)
  An iron giant (Zig:10)
  A hellephant (Zig:5)
  2 Brimstone Fiends
  9 electric golems
  Jorgrun (Vaults:5)
  Rupert (D:13)
  25 Orb Guardians (Zot:5)
  4 Hell Sentinels
  19 tentacled monstrosities
  11 deep elf blademasters
  6 Ice Fiends
  Asterion (Depths:1)
  14 titans
  10 liches
  3 quicksilver dragons
  25 acid blobs
  5 deep elf master archers
  5 Executioners
  12 sphinxes
  4 tengu reavers
  13 ancient champions
  A kraken (Shoals:4)
  8 shadow dragons
  10 death cobs
  Agnes (Elf:1)
  A storm dragon (shapeshifter) (Depths:4)
  33 storm dragons
  6 draconian monks
  11 revenants
  13 azure jellies
  11 greater nagas
  8 deep elf sorcerers
  19 fire giants
  Donald (D:14)
  Ilsuiw (Shoals:4)
  2 iron dragons
  4 draconian scorchers
  Aizul (Snake:3)
  15 frost giants
  Louise (Elf:2)
  23 vault wardens
  9 orc warlords
  4 balrugs
  8 draconian knights
  2 ghost moths
  7 black suns
  An emperor scorpion (Zig:6)
  12 curse skulls
  5 warmongers
  9 ghouls
  3 spriggan defenders (Depths:3)
  4 draconian zealots
  2 caustic shrike zombies (Zig:24)
  8 cacodemons
  5 war gargoyles
  7 draconian shifters
  12 reapers
  9 draconian annihilators
  20 ironheart preservers
  6 deep elf elementalists (Elf:3)
  10 draconian callers
  37 stone giants
  17 very ugly things
  A corrupter (Zig:22)
  15 deep elf demonologists
  2 salamander stormcallers
  An apis (Depths:5)
  7 lorocyprocas
  17 green draconians
  14 white draconians
  11 black draconians
  35 vampire knights
  2 bennus (Zig:24)
  3 dire elephants
  A dire elephant (shapeshifter) (Zig:7)
  8 spark wasps
  15 deep elf annihilators
  5 chaos champions
  12 purple draconians
  12 red draconians
  6 blood saints
  10 yellow draconians
  15 mottled draconians
  3 death oozes (Slime:6)
  6 blizzard demons
  5 merfolk javelineers
  A crystal guardian (Vaults:4)
  38 vault guards
  14 ettins
  21 jiangshi
  8 merfolk impalers
  11 eidola
  A quicksilver dragon zombie (Zig:15)
  24 fire dragons
  5 mummy priests (Zig:24)
  24 deep elf death magi
  4 green deaths
  30 yaktaur captains
  16 deep elf high priests
  12 great orbs of eyes
  Erolcha (D:8)
  21 naga warriors
  2 hydras (shapeshifter) (Zig:16)
  Fannar (Lair:3)
  4 rakshasas
  23 ice dragons
  9 entropy weavers
  3 hell beasts
  28 hydras
  10 centaur warriors
  A catoblepas (D:14)
  5 merfolk aquamancers
  11 spriggan air magi
  A monstrous demonspawn (Zig:21)
  6 anacondas
  6 death knights
  5 satyrs (Shoals:4)
  5 merfolk avatars
  23 ogre magi
  15 deep troll shamans
  A hell hog (shapeshifter) (Zig:12)
  8 deep troll earth magi
  19 dancing weapons
  The ghost of Shelf the Martial Artist, a novice DsHu of Gozag (D:11)
  13 tengu warriors
  23 vampire magi
  3 orc high priests
  9 spriggan berserkers
  17 naga sharpshooters
  2 death yaks (Lair:8)
  6 soul eaters
  4 sun demons
  25 deep elf knights
  2 large abominations (Zig:21)
  13 shock serpents
  3 shadow wraiths
  6 salamander mystics
  42 skeletal warriors
  7 iron trolls
  2 deep trolls (shapeshifter)
  A fire crab (shapeshifter) (Vaults:4)
  A fire crab (Vaults:5)
  2 hell knights
  6 sea snakes
  16 flayed ghosts
  A storm dragon skeleton (Zig:15)
  4 death scarabs (Zig:24)
  A sea snake (shapeshifter) (Depths:4)
  3 unseen horrors
  2 anaconda zombies
  A giant orange brain (shapeshifter) (Zig:12)
  2 swamp dragons
  5 naga ritualists
  4 wizards
  9 giant orange brains
  An obsidian statue (Zig:18)
  A torturous demonspawn (Zig:22)
  30 deep trolls
  A shadow demon (Zig:21)
  A putrid demonspawn (Zig:21)
  2 anubis guards (Zig:24)
  2 swamp dragons (shapeshifter)
  A hill giant (shapeshifter) (Vaults:5)
  39 deep elf archers
  7 harpies
  34 phantasmal warriors
  A wolf spider zombie (Crypt:2)
  2 golden dragon zombies (Crypt:3)
  11 hill giants
  A sphinx zombie (Depths:4)
  A golden dragon skeleton (Zig:15)
  A tengu skeleton (Depths:4)
  19 ironbrand convokers
  A lindwurm (Zig:9)
  13 orc knights
  12 cyclopes
  A shadow dragon skeleton (Zig:15)
  An anubis guard (shapeshifter) (Vaults:5)
  10 necromancers
  12 mana vipers
  A frost giant zombie (Crypt:3)
  5 hornets
  2 wolf spiders
  A salamander (shapeshifter) (Depths:3)
  2 fire giant zombies
  A manticore (shapeshifter) (Zig:12)
  2 orb spiders
  73 deep elf magi
  A shining eye (shapeshifter) (Zig:12)
  8 orc sorcerers
  37 ugly things
  A glowing shapeshifter (Vaults:3)
  7 shining eyes
  16 manticores
  An iron dragon skeleton (Crypt:1)
  13 fauns
  2 hornets (shapeshifter)
  2 sixfirhies
  19 salamanders
  29 elephants
  2 cyclopes (shapeshifter)
  20 griffons
  3 toenail golems (Volcano)
  5 centaur zombies
  26 moths of wrath
  An octopode (shapeshifter) (Vaults:4)
  A water nymph (shapeshifter) (Zig:12)
  4 rust devils
  An elephant (shapeshifter) (Vaults:3)
  2 fire giant skeletons
  An ice statue (IceCv)
  A stone giant skeleton (Crypt:3)
  2 eyes of devastation
  An eye of devastation (shapeshifter) (Zig:14)
  7 guardian serpents
  A guardian serpent (shapeshifter) (Vaults:2)
  14 vault sentinels
  57 black mambas
  3 frost giant skeletons
  2 gargoyles
  A human skeleton (Vaults:5)
  3 apocalypse crabs
  A spriggan zombie (Zig:10)
  32 naga magi
  4 water nymphs
  A dire elephant skeleton (Crypt:1)
  9 sirens
  2 torpor snails (Zig:6)
  A spiny frog (shapeshifter) (Depths:4)
  4 smoke demons
  4 orange demons (Lair:8)
  2 spriggan skeletons
  15 freezing wraiths
  A kobold demonologist (Vaults:3)
  19 spiny frogs
  5 hellions
  8 rime drakes
  9 guardian mummies
  A yaktaur (shapeshifter) (D:15)
  43 yaktaurs
  2 human zombies
  2 efreet (D:15)
  15 komodo dragons
  5 hellwings
  A demonic crawler (Zig:6)
  10 ice devils
  2 komodo dragons (shapeshifter)
  5 tormentors
  8 trolls
  2 elf skeletons (Zig:15)
  A yaktaur skeleton (Vaults:3)
  7 tengu conjurers
  3 merfolk (shapeshifter)
  A troll (shapeshifter) (Vaults:4)
  3 red devils
  An iron troll zombie (Crypt:1)
  22 merfolk
  12 polar bears (IceCv)
  The ghost of Shelf the Skirmisher, an amateur DsHu (Sewer)
  A queen bee (shapeshifter) (Vaults:1)
  Grinder (D:4)
  5 jumping spiders
  A two-headed ogre (shapeshifter) (Depths:2)
  45 two-headed ogres
  4 raiju (Zig:20)
  A shadow dragon simulacrum (Vaults:3)
  A tengu simulacrum (Vaults:3)
  A hornet zombie (D:14)
  A wind drake (shapeshifter) (Vaults:4)
  3 ushabtiu (Zig:24)
  A slime creature (shapeshifter) (Zig:7)
  6 boulder beetles
  138 slime creatures
  32 blink frogs
  An ettin zombie (Crypt:1)
  2 fire giant simulacra
  A bog body (Crypt:1)
  An elf zombie (Zig:10)
  A frost giant simulacrum (Crypt:3)
  3 human simulacra
  11 snapping turtles
  9 spriggans
  35 water elementals
  Sigmund (D:5)
  A fire dragon skeleton (Crypt:1)
  A griffon skeleton (Crypt:1)
  3 shadows
  The ghost of Etesian the Chiller, an amateur DEIE (D:4)
  16 flying skulls
  12 wraiths
  15 redbacks
  4 ynoxinuls
  19 air elementals
  2 tarantellas
  8 wyverns
  86 yaks
  26 humans
  A human (shapeshifter) (Depths:2)
  6 fire elementals
  11 golden eyes
  7 hungry ghosts
  3 chaos spawn
  A yak (shapeshifter) (Depths:2)
  7 basilisks
  A hippogriff (shapeshifter) (Vaults:3)
  17 vampire mosquitoes
  18 hippogriffs
  A hill giant zombie (Crypt:3)
  A neqoxec (Zig:21)
  An emperor scorpion simulacrum (Crypt:3)
  6 wargs
  3 mottled dragons
  3 insubstantial wisps (Zig:20)
  57 nagas
  A swamp worm (shapeshifter) (Zig:23)
  A soldier ant (shapeshifter) (Depths:2)
  18 water moccasins
  9 hell hounds
  A spiny frog zombie (Crypt:3)
  8 porcupines
  Duvessa (D:5)
  10 ice beasts
  5 giant eyeballs
  A giant eyeball (shapeshifter) (Zig:8)
  A swamp dragon zombie (Crypt:3)
  A black bear (shapeshifter) (Elf:3)
  A snapping turtle zombie (Crypt:3)
  5 eyes of draining
  A manticore zombie (Crypt:3)
  6 sky beasts
  7 wasps
  An ettin simulacrum (Crypt:1)
  50 orc warriors
  3 phantoms
  2 black bears
  9 necrophages
  21 centaurs
  91 ogres
  27 wolves
  13 boggarts
  An elephant skeleton (Crypt:1)
  19 crocodiles
  A crocodile (shapeshifter) (Depths:1)
  A blink frog skeleton (Crypt:2)
  2 big kobolds
  21 giant frogs
  2 glowing shapeshifter simulacra
  A fire crab zombie (Crypt:2)
  A gnoll sergeant (D:9)
  7 earth elementals
  A small abomination (Abyss:5)
  Dowan (D:5)
  3 scorpions
  3 troll zombies (D:9)
  19 wights
  A shapeshifter zombie (Crypt:2)
  15 killer bees
  A troll skeleton (Crypt:2)
  4 electric eels
  8 howler monkeys
  9 crimson imps
  4 giant frog zombies
  24 jellies
  A quasit (D:7)
  3 iron imps (Zig:10)
  A wolf skeleton (Crypt:3)
  5 hounds
  13 orc priests
  2 gnoll shamans
  23 orc wizards
  4 giant frog skeletons
  A two-headed ogre skeleton (Crypt:3)
  8 centaur skeletons
  Ijyb (D:3)
  9 iguanas
  6 worker ants
  A boulder beetle simulacrum (Vaults:2)
  A lightning spire (Zig:12)
  23 sheep
  2 tengu zombies
  A felid zombie (Crypt:3)
  5 ogre zombies (D:9)
  A hound zombie (D:6)
  A hound skeleton (Crypt:2)
  21 mummies
  2 howler monkey zombies (D:9)
  Robin (D:3)
  19 gnolls
  A howler monkey skeleton (D:5)
  A swamp drake zombie (Crypt:1)
  13 adders
  62 river rats
  4 shadow imps
  4 white imps
  11 oozes
  An iguana zombie (Crypt:3)
  2 adder zombies
  2 worms
  3 dart slugs
  17 giant geckos
  95 orcs
  15 ball pythons
  A bat zombie (Crypt:1)
  26 giant cockroaches
  24 goblins
  20 hobgoblins
  13 jackals
  30 kobolds
  5 quokkas
  A ball python skeleton (Crypt:1)
  A ball python zombie (Crypt:2)
  10 bats
  2 giant gecko skeletons
  13 giant newts
  2 goblin zombies (D:9)
  2 hobgoblin skeletons (D:9)
  A hobgoblin zombie (D:9)
  A jackal zombie (D:6)
  4 orc skeletons (D:9)
  16 orc zombies (D:9)
  A quokka skeleton (D:6)
  A quokka zombie (Crypt:1)
  10 rats
  3 crawling corpses (Zig:23)
  99 fire vortices
  A fungus (Lair:5)
  A lost soul (Crypt:3)
  11 plants
  2 tentacles (Shoals:4)
  A tentacle segment (Shoals:4)
4101 creatures vanquished.

Vanquished Creatures (collateral kills)
  An ancient lich (Zig:12)
  Norris (D:14)
  Jory (Vaults:2)
  2 liches (Zig:18)
  A sphinx (Zig:8)
  An ancient champion (Zig:17)
  A storm dragon (Zig:20)
  A revenant (Zig:18)
  2 deep elf sorcerers
  A vampire knight (Zig:18)
  A deep elf annihilator (Elf:3)
  2 deep elf death magi
  A deep elf high priest (Elf:3)
  A vault guard (Vaults:3)
  A merfolk javelineer (Depths:3)
  A satyr (Shoals:4)
  A merfolk aquamancer (Shoals:3)
  A titan zombie (Zig:15)
  An iron giant zombie (Zig:15)
  A deep elf knight (Elf:1)
  A shock serpent (shapeshifter) (Zig:16)
  A golden dragon zombie (Zig:15)
  A skeletal warrior (D:14)
  An anubis guard (Zig:24)
  A deep elf archer (Elf:1)
  An orc sorcerer (Zig:19)
  An orc knight (Vaults:2)
  6 deep elf magi
  A siren (Shoals:2)
  A large abomination (Zig:21)
  A vault sentinel (Vaults:2)
  A tengu conjurer (Depths:3)
  3 merfolk
  2 water elementals
  A hippogriff (Shoals:1)
  A sheep (Shoals:4)
  A mummy (Zig:24)
48 creatures vanquished.

Vanquished Creatures (others)
  2 fire giants
  83 ball lightnings
  An ushabti (Zig:24)
  2 orc warriors
  2 centaurs (D:12)
  2 giant frogs (D:10)
  A centaur zombie (D:10)
  An orc priest (Vaults:5)
  A bush (Lair:6)
  356 fire vortices
  38 fungi
  6 lost souls
  14 plants
  5 tentacles (Shoals:4)
  100 tentacle segments (Shoals:4)
614 creatures vanquished.

Grand Total: 4763 creatures vanquished

Notes
Turn   | Place    | Note
--------------------------------------------------------------
     0 | D:1      | Blackbelt the High Elf Conjurer began the quest for the Orb.
     0 | D:1      | Reached XP level 1. HP: 11/11 MP: 4/4
   232 | D:1      | Reached XP level 2. HP: 17/17 MP: 4/6
   236 | D:1      | Learned a level 2 spell: Searing Ray
   257 | D:1      | Reached skill level 5 in Conjurations
   588 | D:1      | Reached XP level 3. HP: 21/21 MP: 3/7
  1319 | D:1      | You fall through a shaft!
  1330 | D:2      | Reached XP level 4. HP: 27/27 MP: 4/8
  2214 | D:3      | Reached skill level 1 in Fighting
  2282 | D:3      | Noticed Ijyb
  2285 | D:3      | Noticed Robin
  2311 | D:3      | Killed Robin
  2311 | D:3      | Reached XP level 5. HP: 24/33 MP: 3/9
  2317 | D:3      | Found a glowing drain.
  2329 | Sewer    | Entered a sewer
  2623 | Sewer    | Reached XP level 6. HP: 31/43 MP: 4/10
  2632 | Sewer    | HP: 2/43 [giant frog (2)]
  3058 | Sewer    | Noticed Shelf's ghost (amateur DsHu)
  3074 | Sewer    | Killed Shelf's ghost
  3074 | Sewer    | Reached XP level 7. HP: 3/52 MP: 0/11
  3670 | D:3      | Killed Ijyb
  4323 | D:4      | Reached skill level 5 in Dodging
  4382 | D:4      | Learned a level 4 spell: Iskenderun's Mystic Blast
  4427 | D:4      | Found a burning altar of Makhleb.
  4488 | D:4      | Noticed Etesian's ghost (amateur DEIE)
  4600 | D:4      | Noticed Grinder
  4610 | D:4      | Paralysed by Grinder for 4 turns
  4617 | D:4      | Killed Grinder
  4617 | D:4      | Reached XP level 8. HP: 42/57 MP: 5/12
  5373 | D:5      | Entered Level 5 of the Dungeon
  5373 | D:5      | Noticed Sigmund
  5499 | D:4      | Killed Etesian's ghost
  5594 | D:5      | Killed Sigmund
  5594 | D:5      | Reached skill level 5 in Spellcasting
  5596 | D:5      | Found a staircase to the Ecumenical Temple.
  5679 | Temple   | Entered the Ecumenical Temple
  5797 | Temple   | Became a worshipper of Vehumet
  5892 | D:5      | Gained mutation: Your flesh is cold resistant. [mutagenic meat]
  5893 | D:5      | Gained mutation: You are partially covered in slimy green scales (AC +2). [mutagenic meat]
  6252 | D:5      | Learned a level 1 spell: Apportation
  6254 | D:5      | Learned a level 1 spell: Animate Skeleton
  6471 | D:5      | Found Nevoetir's Antique Armour Emporium.
  6501 | D:5      | Bought a glowing robe for 21 gold pieces
  6553 | D:5      | Noticed Dowan
  6555 | D:5      | Noticed Duvessa
  6591 | D:5      | Killed Dowan
  6659 | D:5      | Killed Duvessa
  6762 | D:5      | Found a deep blue altar of Sif Muna.
  6863 | D:5      | Reached XP level 9. HP: 62/62 MP: 13/21
  7059 | D:6      | Reached * piety under Vehumet
  7059 | D:6      | Offered knowledge of Flame Tongue by Vehumet.
  7519 | D:6      | Learned a level 5 spell: Iskenderun's Battlesphere
  8051 | D:6      | Found a blossoming altar of Fedhas.
  8603 | D:7      | Offered knowledge of Shock by Vehumet.
  8718 | D:7      | Found Fiyrhes's Jewellery Shop.
  8726 | D:7      | Reached ** piety under Vehumet
  8763 | D:7      | Bought the ring of Osoy {rElec MP+9 Int+4 Dex-5} for 350 gold pieces
  9500 | D:8      | Noticed Erolcha
  9614 | D:7      | Reached skill level 10 in Conjurations
  9929 | D:8      | Paralysed by Erolcha for 4 turns
  9936 | D:8      | Killed Erolcha
  9936 | D:8      | Reached XP level 10. HP: 19/68 MP: 22/22
 10363 | D:8      | Offered knowledge of Throw Flame by Vehumet.
 10740 | D:9      | Reached *** piety under Vehumet
 10763 | D:9      | Found a staircase to the Orcish Mines.
 11147 | D:9      | Offered knowledge of Stone Arrow by Vehumet.
 11291 | D:8      | Learned a level 3 spell: Stone Arrow
 11721 | D:9      | Reached **** piety under Vehumet
 11797 | D:9      | Got a blackened mace {venom}
 11798 | D:9      | Identified the +1 mace of the Six Moons {venom, rPois rC+} (You took it off an orc on level 9 of the Dungeon)
 11915 | D:9      | Offered knowledge of Conjure Flame by Vehumet.
 12642 | D:10     | Entered Level 10 of the Dungeon
 12686 | D:10     | Reached XP level 11. HP: 72/72 MP: 21/23
 12796 | D:10     | Found a basalt altar of Yredelemnul.
 12937 | D:10     | Found a staircase to the Lair.
 13291 | D:10     | Found a shimmering altar of Xom.
 13393 | D:10     | Reached skill level 15 in Conjurations
 13410 | D:10     | Reached ***** piety under Vehumet
 13410 | D:10     | Offered knowledge of Force Lance by Vehumet.
 13421 | D:10     | Learned a level 4 spell: Force Lance
 13647 | D:10     | Noticed a hill giant
 13651 | D:10     | Killed a hill giant
 13919 | Lair:1   | Entered Level 1 of the Lair of Beasts
 15703 | Lair:3   | Gained mutation: You are mostly covered in slimy green scales (AC +3). [potion of beneficial mutation]
 15704 | Lair:3   | Gained mutation: You are somewhat resistant to further mutation. [potion of beneficial mutation]
 15807 | Lair:3   | Noticed a four-headed hydra
 15976 | Lair:3   | Noticed Fannar
 15986 | Lair:3   | Killed Fannar
 16159 | Lair:3   | Killed a four-headed hydra
 16159 | Lair:3   | Reached XP level 12. HP: 84/84 MP: 24/24
 16556 | Lair:3   | Found a staircase to the Shoals.
 16556 | Lair:3   | Noticed a four-headed hydra
 16655 | Lair:3   | Offered knowledge of Airstrike by Vehumet.
 16872 | Lair:3   | Killed a four-headed hydra
 17734 | Lair:4   | Reached skill level 10 in Dodging
 18068 | Lair:4   | Reached skill level 10 in Fighting
 18768 | Lair:4   | Reached skill level 10 in Spellcasting
 18919 | Lair:5   | Noticed a six-headed hydra
 19032 | Lair:5   | Killed a six-headed hydra
 19048 | Lair:5   | Reached XP level 13. HP: 92/92 MP: 15/28
 19127 | Lair:5   | Offered knowledge of Lightning Bolt by Vehumet.
 19132 | Lair:5   | Found a dark tunnel.
 19251 | Volcano  | Entered a volcano
 19902 | Lair:5   | Found a staircase to the Snake Pit.
 22366 | Lair:7   | Offered knowledge of Venom Bolt by Vehumet.
 22560 | Lair:7   | Reached XP level 14. HP: 96/99 MP: 21/32
 23053 | Lair:7   | Found a viscous altar of Jiyva.
 23054 | Lair:7   | Found a staircase to the Slime Pits.
 23484 | Lair:8   | Entered Level 8 of the Lair of Beasts
 24060 | Lair:8   | Paralysed by a wizard for 2 turns
 24770 | Lair:8   | Reached skill level 15 in Dodging
 25350 | Lair:8   | Found a burning altar of Makhleb.
 25356 | Lair:8   | Found a gateway to Hell.
 25619 | Lair:8   | Reached ****** piety under Vehumet
 25619 | Lair:8   | Offered knowledge of Delayed Fireball by Vehumet.
 25787 | Lair:7   | Learned a level 7 spell: Delayed Fireball
 26081 | Lair:8   | Reached skill level 1 in Fire Magic
 26240 | Orc:1    | Entered Level 1 of the Orcish Mines
 26768 | Orc:2    | Entered Level 2 of the Orcish Mines
 26821 | Orc:2    | Noticed an orc warlord
 27387 | Orc:1    | Noticed an orc warlord
 27543 | Orc:1    | Killed an orc warlord
 27543 | Orc:1    | Reached skill level 5 in Fire Magic
 27543 | Orc:1    | Reached XP level 15. HP: 105/105 MP: 11/33
 27717 | Orc:1    | Offered knowledge of Poisonous Cloud by Vehumet.
 27728 | Orc:1    | Learned a level 6 spell: Poisonous Cloud
 28477 | Orc:2    | Found Xicin's Jewellery Boutique.
 28478 | Orc:2    | Found Teshrud's Weapon Shoppe.
 28478 | Orc:2    | Found Lotet's Assorted Antiques.
 28478 | Orc:2    | Found Vouggeat's Book Emporium.
 28502 | Orc:2    | Bought a book of Minor Magic for 280 gold pieces
 28505 | Orc:2    | Learned a level 2 spell: Blink
 28508 | Orc:2    | Learned a level 2 spell: Repel Missiles
 28517 | Orc:2    | Killed an orc warlord
 28833 | Orc:2    | Found a staircase to the Elven Halls.
 29353 | Orc:1    | Found Gaopt's Magic Scroll Emporium.
 29361 | Orc:1    | Bought a scroll of teleportation for 39 gold pieces
 29361 | Orc:1    | Bought a scroll of blinking for 97 gold pieces
 29577 | D:5      | Bought an ichor-stained steam dragon armour for 1350 gold pieces
 29587 | D:5      | Identified the +4 steam dragon armour of Satisfaction {MR+ Dex+3} (You bought it in a shop on level 5 of the Dungeon)
 29933 | D:11     | Reached skill level 1 in Poison Magic
 29975 | D:11     | Reached skill level 1 in Air Magic
 30152 | D:11     | Noticed Shelf's ghost (novice DsHu)
 30179 | D:11     | Killed Shelf's ghost
 30504 | D:11     | Identified the Tome of the Dusty Entourage
 30856 | D:12     | Offered knowledge of Spellforged Servitor by Vehumet.
 31352 | D:12     | Learned a level 7 spell: Spellforged Servitor
 31537 | D:12     | Found a basalt altar of Yredelemnul.
 31916 | D:12     | Found a snail-covered altar of Cheibriados.
 32503 | D:13     | Noticed Rupert
 32538 | D:13     | Killed Rupert
 32790 | D:13     | Offered knowledge of Lehudib's Crystal Spear by Vehumet.
 32790 | D:13     | Offered knowledge of Fire Storm by Vehumet.
 32790 | D:13     | Offered knowledge of Chain Lightning by Vehumet.
 33135 | D:14     | Found a gate to the Vaults.
 33135 | D:14     | Noticed Donald
 33135 | D:14     | Noticed Norris
 33480 | D:14     | Reached skill level 5 in Air Magic
 33549 | D:14     | Killed Donald
 33716 | D:14     | Reached skill level 5 in Poison Magic
 34195 | D:14     | Killed Norris
 34195 | D:14     | Reached XP level 16. HP: 108/111 MP: 5/35
 34490 | D:14     | Reached skill level 15 in Spellcasting
 34744 | D:15     | Entered Level 15 of the Dungeon
 35011 | D:15     | Found Nilawek's Gadget Shop.
 35027 | D:15     | Found a frozen archway.
 35094 | IceCv    | Entered an ice cave
 35543 | IceCv    | Got a fine halberd
 35544 | IceCv    | Identified the +6 halberd of Accord {chop, +Inv Str+4 Dex+2} (You found it in an ice cave)
 36207 | D:7      | Bought the amulet "Tiet Yto" {Gourm rF++ Int+3 SInv Stlth-} for 699 gold pieces
 36677 | D:15     | Found a staircase to the Depths.
 38242 | Depths:1 | Entered Level 1 of the Depths
 38421 | Elf:1    | Entered Level 1 of the Elven Halls
 38482 | Elf:1    | Noticed Agnes
 38564 | Elf:1    | Killed Agnes
 38691 | Elf:1    | Reached skill level 10 in Air Magic
 38798 | Elf:1    | Reached XP level 17. HP: 103/116 MP: 20/39
 40102 | Elf:1    | Learned a level 8 spell: Chain Lightning
 40536 | Elf:2    | Found Jiqak's Book Shoppe.
 40561 | Elf:2    | Noticed Louise
 40574 | Elf:2    | Killed Louise
 40906 | Elf:2    | Reached skill level 1 in Summonings
 41407 | Elf:2    | Found a runed gate.
 41407 | Elf:2    | Found a runed gate.
 41407 | Elf:2    | Found a runed gate.
 41676 | Elf:3    | Entered Level 3 of the Elven Halls
 41701 | Elf:3    | Found a gateway to a bazaar.
 41708 | Bazaar   | Entered a bazaar
 41725 | Bazaar   | Found Uxziat's Jewellery Emporium.
 41740 | Bazaar   | Found Hocumep's Magic Scroll Shoppe.
 41740 | Bazaar   | Found Rerusem's Antique Weapon Emporium.
 41762 | Bazaar   | Found Gete's Magic Scroll Shoppe.
 41762 | Bazaar   | Found Booheghi's Gadget Emporium.
 41800 | Bazaar   | Bought a scroll of fear for 42 gold pieces
 41800 | Bazaar   | Bought a scroll of teleportation for 36 gold pieces
 42060 | Elf:3    | Reached skill level 5 in Summonings
 42366 | Elf:3    | Noticed a deep elf blademaster
 42376 | Elf:3    | Killed a deep elf blademaster
 42734 | Elf:3    | Noticed a deep elf master archer
 42738 | Elf:3    | Killed a deep elf master archer
 42995 | Elf:3    | Noticed a deep elf blademaster
 43004 | Elf:3    | Killed a deep elf blademaster
 43004 | Elf:3    | Reached XP level 18. HP: 121/122 MP: 25/40
 43125 | Elf:3    | Reached skill level 1 in Shields
 44074 | Elf:3    | Reached skill level 5 in Shields
 44621 | Elf:3    | Got a fine iron ring
 44623 | Elf:3    | Identified the ring of Suicidal Tendencies {Ice Str+4} (You took it off a deep elf elementalist on level 3 of the Elven Halls)
 45133 | Elf:3    | Got a polished dire flail {crush}
 45144 | Elf:3    | Identified the +10 dire flail of Haopees {crush, SInv} (You took it off a deep elf sorcerer on level 3 of the Elven Halls)
 45456 | Elf:3    | Got a faintly glowing long sword {vamp}
 45457 | Elf:3    | Identified the +6 long sword "Jetahiny" {vamp, rElec rC++ Str+3 Int-4} (You took it off a deep elf death mage on level 3 of the Elven Halls)
 45643 | Elf:3    | Got a spiked pearl dragon armour
 45654 | Elf:3    | Identified the +6 pearl dragon armour of Oromaux {rN+ Slay+3} (You found it on level 3 of the Elven Halls)
 45673 | Elf:3    | Noticed a Hell Sentinel
 45690 | Elf:3    | Got a faintly glowing ring mail
 45701 | Elf:3    | Identified the +1 ring mail of the Gate {MR+ Dex+4} (You found it on level 3 of the Elven Halls)
 45835 | Elf:3    | Reached skill level 1 in Long Blades
 45915 | Elf:3    | Got a scorched blowgun
 45916 | Elf:3    | Identified the +11 blowgun "Alime" {evade, rC++} (You found it on level 3 of the Elven Halls)
 46308 | Shoals:1 | Entered Level 1 of the Shoals
 46664 | Shoals:1 | Reached skill level 5 in Long Blades
 48374 | Shoals:2 | Got a transparent hand axe {venom}
 48375 | Shoals:2 | Identified the +2 hand axe of Watchfulness {venom, MR+} (You took it off a siren on level 2 of the Shoals)
 48740 | Shoals:2 | Reached XP level 19. HP: 127/127 MP: 33/41
 49436 | Shoals:3 | Got a fine plate armour
 49448 | Shoals:3 | Identified the cursed +0 plate armour of the Last Demons {rF+ Int-3 SInv} (You found it on level 3 of the Shoals)
 49600 | Shoals:3 | Identified a scroll of acquirement
 49603 | Shoals:3 | Got a smelly chain mail
 49614 | Shoals:3 | Identified the +8 chain mail "Leffaf Oxoso" {Int+3} (You acquired it on level 3 of the Shoals)
 50252 | Shoals:4 | Entered Level 4 of the Shoals
 50840 | Shoals:4 | Noticed Ilsuiw
 52584 | Shoals:4 | Killed Ilsuiw
 52947 | Shoals:4 | Got a steaming cloak
 52958 | Shoals:4 | Identified the +0 cloak of the Gravedigger {rPois Str+6 Stlth-} (You found it on level 4 of the Shoals)
 53007 | Shoals:4 | Got a barnacled rune of Zot
 54141 | Vaults:1 | Entered Level 1 of the Vaults
 54417 | Vaults:1 | Upgraded the game from 0.19-a0-13-gc67dc5e to 0.19-a0-16-g2b77abf
 54764 | Vaults:1 | Learned a level 5 spell: Fireball
 55246 | Vaults:1 | Noticed Saint Roka
 55595 | Vaults:1 | Killed Saint Roka
 56755 | Vaults:1 | Reached XP level 20. HP: 141/141 MP: 13/43
 57936 | Elf:2    | Bought a book of the Sky for 845 gold pieces
 57944 | Elf:2    | Learned a level 6 spell: Deflect Missiles
 58586 | Vaults:2 | Found a flickering gateway to a bazaar.
 58595 | Bazaar   | Entered a bazaar
 58595 | Bazaar   | Found Ygenuotu's Armour Boutique.
 58595 | Bazaar   | Found Latutsus's Antique Armour Shop.
 58595 | Bazaar   | Found Jeits's Antique Weapon Shop.
 59235 | Vaults:2 | Noticed Jory
 59250 | Vaults:2 | Killed Jory
 59278 | Vaults:2 | Reached skill level 15 in Air Magic
 61882 | Vaults:3 | Found a staircase to the Crypt.
 62320 | Vaults:3 | Reached XP level 21. HP: 147/149 MP: 18/44
 63612 | Vaults:4 | Reached skill level 10 in Shields
 64192 | Vaults:4 | Noticed Frederick
 64195 | Vaults:4 | Killed Frederick
 64297 | Vaults:4 | Found Gases Weuwio's Gadget Shop.
 65559 | Snake:1  | Entered Level 1 of the Snake Pit
 67900 | Snake:3  | Found Vylac's Weapon Boutique.
 67910 | Snake:3  | Bought the +2 flail "Juseoc" {flame, MR+ Int+7} for 741 gold pieces
 68089 | Snake:3  | Noticed Aizul
 68094 | Snake:3  | Killed Aizul
 68392 | Snake:3  | Found Eveok's Weapon Boutique.
 68848 | Snake:3  | Got a fine jade ring
 68850 | Snake:3  | Identified the ring of Tora {Ice Dex+3} (You took it off a naga mage on level 3 of the Snake Pit)
 69106 | Snake:3  | Noticed Mara
 69108 | Snake:3  | Noticed Blackbelt's illusion
 69132 | Snake:3  | Killed Mara
 69132 | Snake:3  | Reached XP level 22. HP: 137/155 MP: 7/46
 69406 | Snake:3  | Found Yxeumuf's Jewellery Shop.
 69546 | Snake:3  | Learned a level 9 spell: Tornado
 69915 | Snake:3  | Found Wuijogg's Armour Shop.
 70076 | Snake:3  | Found Igeniv's Antique Armour Emporium.
 70098 | Snake:4  | Entered Level 4 of the Snake Pit
 70136 | Snake:4  | Identified the Compendium of Damaging Transformation
 70643 | Snake:4  | Found Caygimos's Weapon Emporium.
 72323 | Snake:4  | Got a serpentine rune of Zot
 72391 | Snake:4  | Upgraded the game from 0.19-a0-16-g2b77abf to 0.19-a0-26-gae82a2b
 73498 | Depths:1 | Noticed Nikola
 73503 | Depths:1 | Killed Nikola
 73745 | Depths:1 | Noticed Asterion
 73752 | Depths:1 | Killed Asterion
 74585 | Depths:2 | Found a gateway to a ziggurat.
 75604 | Depths:2 | Reached XP level 23. HP: 161/161 MP: 30/48
 76275 | Depths:2 | Found a snail-covered altar of Cheibriados.
 77439 | Depths:3 | Noticed the Enchantress
 77444 | Depths:3 | Killed the Enchantress
 77734 | Depths:3 | Got a faerie dragon armour
 77775 | Depths:2 | Identified the +4 faerie dragon armour {rCorr Int+3} (You took it off the Enchantress on level 3 of the Depths)
 78094 | Depths:3 | Found a one-way gate leading to the halls of Pandemonium.
 80040 | Depths:3 | Reached skill level 15 in Fighting
 80947 | Depths:4 | Reached XP level 24. HP: 170/171 MP: 40/48
 81898 | Depths:4 | Found a one-way gate to the infinite horrors of the Abyss.
 83538 | Depths:4 | Noticed a juggernaut
 83543 | Depths:4 | Killed a juggernaut
 84009 | Depths:5 | Entered Level 5 of the Depths
 84168 | Depths:4 | Learned a level 6 spell: Conjure Ball Lightning
 85678 | Depths:5 | Reached XP level 25. HP: 163/186 MP: 12/49
 86160 | Depths:5 | Found a gate to the Realm of Zot.
 87057 | Slime:1  | Entered Level 1 of the Pits of Slime
 87067 | Slime:1  | Gained mutation: You expend magic power (3 MP) to strengthen your wands. [a shining eye]
 88037 | Slime:6  | Entered Level 6 of the Pits of Slime
 88080 | Slime:6  | Noticed MrRokkomies's ghost (legendary OgHu)
 88699 | Slime:6  | Noticed the Royal Jelly
 88705 | Slime:6  | Killed the Royal Jelly
 89224 | Slime:5  | Learned a level 8 spell: Lehudib's Crystal Spear
 89400 | Slime:6  | Reached skill level 1 in Earth Magic
 89593 | Slime:6  | Killed MrRokkomies's ghost
 89881 | Slime:6  | Got a bound silver ring
 89883 | Slime:6  | Identified the ring of Uckorch {SustAt +Inv Int+3} (You found it on level 6 of the Pits of Slime)
 89888 | Slime:6  | Identified the Collected Works on the Glacier and Boosts
 89963 | Slime:6  | Got a brightly glowing jade ring
 89965 | Slime:6  | Identified the ring "Aggepurph" {SustAt rPois Stlth+} (You found it on level 6 of the Pits of Slime)
 90006 | Slime:6  | Got a fabulously ornate robe
 90049 | Slime:6  | Identified the +1 robe of Nemelex Xobeh's Hope {MR+ Str+4 Dex+2} (You found it on level 6 of the Pits of Slime)
 90241 | Slime:6  | Got a slimy rune of Zot
 90253 | Slime:6  | Got an ivory rapier
 90254 | Slime:6  | Identified the +12 rapier of Wrath {pierce, rC+ Int+4 SInv} (You found it on level 6 of the Pits of Slime)
 90915 | Vaults:5 | Entered Level 5 of the Vaults
 90918 | Vaults:5 | Reached skill level 5 in Earth Magic
 90920 | Vaults:5 | Reached XP level 26. HP: 168/196 MP: 49/49
 91519 | Vaults:5 | Reached skill level 1 in Translocations
 91522 | Vaults:5 | Reached skill level 5 in Translocations
 92129 | Vaults:5 | Reached skill level 10 in Translocations
 92504 | Vaults:5 | Noticed Jorgrun
 92514 | Vaults:5 | Killed Jorgrun
 93105 | Vaults:5 | Got an uncursed ebony scimitar {venom}
 93106 | Vaults:5 | Identified the +5 scimitar of Res Nullius {venom, rC+} (You took it off a yaktaur captain on level 5 of the Vaults)
 93111 | Vaults:5 | Got an uncursed faintly glowing spear {venom}
 93112 | Vaults:5 | Identified the +8 spear of Epted {venom, Fragile MR+ Int+4} (You took it off a yaktaur captain on level 5 of the Vaults)
 93397 | Vaults:5 | Identified the Tome of Companions (You found it on level 5 of the Vaults)
 93795 | Vaults:5 | Got a silver rune of Zot
 93900 | Vaults:5 | Got an ancient plate armour
 93901 | Vaults:5 | Identified the +7 plate armour "Ughaps" {MR+} (You found it on level 5 of the Vaults)
 94059 | Vaults:5 | Got a spiked plate armour
 94060 | Vaults:5 | Identified the +9 plate armour of Salvation {*Corrode Int+7 Dex-2 SInv} (You found it on level 5 of the Vaults)
 94512 | Crypt:1  | Entered Level 1 of the Crypt
 94549 | Crypt:1  | Reached XP level 27. HP: 201/201 MP: 49/49
 95110 | Crypt:1  | Learned a level 8 spell: Controlled Blink
 95664 | Crypt:2  | Reached skill level 15 in Translocations
 96783 | Crypt:3  | Entered Level 3 of the Crypt
 97055 | Crypt:3  | Noticed Xtahua
 97059 | Crypt:3  | Killed Xtahua
 97294 | Crypt:3  | Paralysed by a vampire knight for 6 turns
 97892 | Crypt:3  | Learned a level 6 spell: Haste
 97945 | Crypt:3  | Found a shimmering altar of Xom.
 97962 | Crypt:3  | Paralysed by a vampire knight for 3 turns
 98294 | Crypt:3  | Got a smoking short sword
 98295 | Crypt:3  | Identified the +7 short sword "Natarope" {antimagic, MP+9 Dex+4} (You found it on level 3 of the Crypt)
 99018 | Crypt:3  | Reached skill level 10 in Earth Magic
 99020 | Crypt:3  | Found a staircase to the Tomb.
100234 | Zot:1    | Entered Level 1 of the Realm of Zot
100269 | Depths:5 | HP: 1/201 [death cob (19)]
101620 | Zot:2    | Reached skill level 1 in Charms
101726 | Zot:2    | Reached skill level 5 in Charms
103224 | Zot:3    | Reached skill level 10 in Charms
103715 | Zot:3    | Noticed Tiamat
103759 | Zot:3    | Paralysed by a Zot trap for 4 turns
104288 | Zot:3    | Killed Tiamat
107866 | Zot:5    | Entered Level 5 of the Realm of Zot
108458 | Zot:5    | Noticed an ancient lich
108460 | Zot:5    | Killed an ancient lich
108669 | Zot:5    | Noticed an ancient lich
108670 | Zot:5    | Killed an ancient lich
108723 | Zot:5    | Noticed an ancient lich
108852 | Zot:5    | Killed an ancient lich
108852 | Zot:5    | Reached skill level 10 in Fire Magic
108934 | Zot:5    | Got a blackened spear
108935 | Zot:5    | Identified the +10 spear "Egoogit" {distort, MP+9} (You found it on level 5 of the Realm of Zot)
108936 | Zot:5    | Cast into level 5 of the Abyss (a distortion unwield)
108936 | Abyss:5  | Entered Level 5 of the Abyss
109143 | Zot:5    | Escaped the Abyss
109704 | Zot:5    | Noticed an orb of fire
109715 | Zot:5    | Killed an orb of fire
109807 | Zot:4    | Learned a level 9 spell: Fire Storm
109823 | Zot:5    | Noticed an orb of fire
109826 | Zot:5    | Killed an orb of fire
109936 | Zot:5    | Noticed an orb of fire
109945 | Zot:5    | Killed an orb of fire
110241 | Zot:5    | Noticed an ancient lich
110351 | Zot:5    | Killed an ancient lich
110375 | Zot:5    | Got a polished large shield
110462 | Zot:5    | Identified the -10 large shield of Patterns {-Tele rN+ Regen+} (You took it off a draconian monk on level 5 of the Realm of Zot)
110483 | Zot:5    | Reached skill level 15 in Fire Magic
111432 | Zig:1    | Entered Level 1 of a ziggurat
111451 | Zig:2    | Entered Level 2 of a ziggurat
111454 | Zig:2    | Noticed Jeett the pandemonium lord
111457 | Zig:2    | Killed Jeett the pandemonium lord
111470 | Zig:2    | Got a jewelled morningstar
111471 | Zig:2    | Identified the +8 morningstar "Raisin" {elec, MR+} (You found it on level 2 of a ziggurat)
111475 | Zig:3    | Entered Level 3 of a ziggurat
111548 | Zig:4    | Entered Level 4 of a ziggurat
111614 | Zig:5    | Entered Level 5 of a ziggurat
111653 | Zig:6    | Entered Level 6 of a ziggurat
111718 | Zig:7    | Entered Level 7 of a ziggurat
111784 | Zig:8    | Entered Level 8 of a ziggurat
111821 | Zig:8    | Got a pitted morningstar
111822 | Zig:8    | Identified the +3 morningstar of Xom's Righteous Fury {flame, rPois Int+5} (You found it on level 8 of a ziggurat)
111844 | Zig:9    | Entered Level 9 of a ziggurat
111872 | Zig:9    | Got an ichor-stained helmet
111878 | Zig:9    | Identified the +1 helmet of Immorality {rElec} (You found it on level 9 of a ziggurat)
111924 | Zig:10   | Entered Level 10 of a ziggurat
112184 | Zig:10   | Identified the Almanac of Combat Magic
112215 | Zig:11   | Entered Level 11 of a ziggurat
112363 | Zig:11   | Got a ring of the Octopus King
112402 | Zig:11   | Identified a ring of the Octopus King {MP+9 AC+1 EV+1 Str+1 Int+1 Dex+1} (You found it on level 11 of a ziggurat)
112416 | Zig:11   | Got a sheer robe
112427 | Zig:11   | Identified the +3 robe of the Rose {*Confuse rC+++ MP+9 Str+2} (You found it on level 11 of a ziggurat)
112441 | Zig:11   | Identified the Reference Book on Noxious Augmentations
112446 | Zig:11   | Learned a level 3 spell: Regeneration
112453 | Zig:12   | Entered Level 12 of a ziggurat
112465 | Zig:12   | Noticed an ancient lich
112469 | Zig:12   | Killed an ancient lich
112512 | Zig:12   | Gained mutation: You have sharp toenails. [potion of beneficial mutation]
112515 | Zig:12   | Got a faintly glowing pearl dragon armour
112526 | Zig:12   | Identified the cursed +0 pearl dragon armour of Sunlight {rF+ rN+ Slay+3} (You found it on level 12 of a ziggurat)
112606 | Zig:13   | Entered Level 13 of a ziggurat
112840 | Zig:14   | Entered Level 14 of a ziggurat
112854 | Zig:14   | Noticed an ancient lich
112857 | Zig:14   | Killed an ancient lich
113004 | Zig:15   | Entered Level 15 of a ziggurat
113187 | Zig:15   | Got a heavily runed bronze ring
113188 | Zig:15   | Identified the cursed ring "Loce" {rPois MR+ Str-3 Int+4} (You found it on level 15 of a ziggurat)
113191 | Zig:15   | Identified the Disquisition on Snow and Attacks
113289 | Zig:16   | Entered Level 16 of a ziggurat
113300 | Zig:16   | Noticed Rokug the pandemonium lord
113301 | Zig:16   | Noticed Kyide the pandemonium lord
113301 | Zig:16   | Noticed Luebeit the pandemonium lord
113301 | Zig:16   | Noticed Loufoig the pandemonium lord
113301 | Zig:16   | Noticed Julibar the pandemonium lord
113302 | Zig:16   | Reached skill level 1 in Ice Magic
113303 | Zig:16   | Reached skill level 5 in Ice Magic
113305 | Zig:16   | Noticed Gimobbe the pandemonium lord
113305 | Zig:16   | Killed Rokug the pandemonium lord
113306 | Zig:16   | Killed Loufoig the pandemonium lord
113306 | Zig:16   | Killed Julibar the pandemonium lord
113307 | Zig:16   | Noticed Welelu the pandemonium lord
113308 | Zig:16   | Reached skill level 10 in Ice Magic
113309 | Zig:16   | Killed Gimobbe the pandemonium lord
113309 | Zig:16   | Killed Welelu the pandemonium lord
113310 | Zig:16   | Killed Kyide the pandemonium lord
113319 | Zig:16   | Killed Luebeit the pandemonium lord
113416 | Zig:16   | Got a shimmering bronze ring
113417 | Zig:16   | Identified the ring "Faedoty" {+Blink rF+ MP+9 Str+3 Int+3} (You found it on level 16 of a ziggurat)
113470 | Zig:17   | Entered Level 17 of a ziggurat
113484 | Zig:17   | Reached skill level 3 in Stealth
113484 | Zig:17   | Reached skill level 4 in Stealth
113485 | Zig:17   | Reached skill level 5 in Stealth
113486 | Zig:17   | Reached skill level 6 in Stealth
113490 | Zig:17   | Noticed an ancient lich
113490 | Zig:17   | Reached skill level 7 in Stealth
113490 | Zig:17   | Reached skill level 8 in Stealth
113492 | Zig:17   | Reached skill level 9 in Stealth
113492 | Zig:17   | Reached skill level 10 in Stealth
113494 | Zig:17   | Killed an ancient lich
113494 | Zig:17   | Reached skill level 11 in Stealth
113495 | Zig:17   | Reached skill level 12 in Stealth
113500 | Zig:17   | Reached skill level 13 in Stealth
113515 | Zig:17   | Reached skill level 14 in Stealth
113525 | Zig:17   | Identified the Papyrus of Sinister Hexes
113536 | Zig:17   | Got a colourful robe
113547 | Zig:17   | Identified the +1 robe of Gluttony {rF+ MR+++ Regen+ Int-2} (You found it on level 17 of a ziggurat)
113548 | Zig:17   | Identified the Tome of Beguiling and the Entourage
113735 | Zig:18   | Entered Level 18 of a ziggurat
113751 | Zig:18   | Noticed an ancient lich
113751 | Zig:18   | Reached skill level 15 in Stealth
113754 | Zig:18   | Noticed an ancient lich
113755 | Zig:18   | Noticed an ancient lich
113755 | Zig:18   | Killed an ancient lich
113755 | Zig:18   | Reached skill level 16 in Stealth
113756 | Zig:18   | Killed an ancient lich
113756 | Zig:18   | Killed an ancient lich
113756 | Zig:18   | Reached skill level 17 in Stealth
113760 | Zig:18   | Reached skill level 18 in Stealth
113792 | Zig:18   | Identified Sif Muna's Volume of Unholy Calling
113802 | Zig:18   | Got a twitching golden ring
113803 | Zig:18   | Identified the ring "Feiblo" {rElec MR+ Dex+2} (You found it on level 18 of a ziggurat)
113880 | Zig:19   | Entered Level 19 of a ziggurat
113891 | Zig:19   | Noticed a juggernaut
113891 | Zig:19   | Noticed a juggernaut
113892 | Zig:19   | Noticed a juggernaut
113893 | Zig:19   | Noticed a juggernaut
113896 | Zig:19   | Killed a juggernaut
113896 | Zig:19   | Killed a juggernaut
113896 | Zig:19   | Reached skill level 19 in Stealth
113896 | Zig:19   | Killed a juggernaut
113897 | Zig:19   | Killed a juggernaut
113903 | Zig:19   | Reached skill level 20 in Stealth
113935 | Zig:19   | Got a scorched golden amulet
113941 | Zig:19   | Identified the Handbook of Shifting Black Secrets
113966 | Zig:19   | Got a bone dagger
113967 | Zig:19   | Identified the +9 dagger "Doafyesur" {pierce, rElec rF- Int+4 Dex+2} (You found it on level 19 of a ziggurat)
113982 | Zig:19   | Identified the amulet of Xom's Reproof {Inacc Str+2} (You found it on level 19 of a ziggurat)
113986 | Zig:19   | Got a bound platinum ring
113987 | Zig:19   | Identified the ring "Laluy" {rF+ Int+3 Slay+3 Stlth+} (You found it on level 19 of a ziggurat)
114055 | Zig:20   | Entered Level 20 of a ziggurat
114074 | Zig:20   | Reached skill level 21 in Stealth
114078 | Zig:20   | Reached skill level 22 in Stealth
114104 | Zig:20   | Reached skill level 23 in Stealth
114179 | Zig:20   | Got a crystal short sword
114180 | Zig:20   | Identified the +0 short sword of Forced Transition {freeze, Str+3} (You found it on level 20 of a ziggurat)
114185 | Zig:20   | Got a creamy pearl robe
114196 | Zig:20   | Identified the +1 robe "Fyshrive" {MR+ Str+3} (You found it on level 20 of a ziggurat)
114217 | Zig:20   | Got a jewelled ring mail
114228 | Zig:20   | Identified the +5 ring mail of Taog {Str+3} (You found it on level 20 of a ziggurat)
114240 | Zig:20   | Got a crystal hand axe
114241 | Zig:20   | Identified the +10 hand axe "Foratrill" {antimagic, +Inv rElec} (You found it on level 20 of a ziggurat)
114248 | Zig:20   | Got a pitted ivory ring
114249 | Zig:20   | Identified the ring "Zoipred" {rPois MR+ Int+6} (You found it on level 20 of a ziggurat)
114373 | Zig:20   | Got a transparent leather armour
114384 | Zig:20   | Identified the +3 leather armour of the Vestibule of Hell {Str+3} (You found it on level 20 of a ziggurat)
114506 | Zig:21   | Entered Level 21 of a ziggurat
114537 | Zig:21   | Reached skill level 24 in Stealth
114540 | Zig:21   | Noticed Dygg the pandemonium lord
114543 | Zig:21   | Killed Dygg the pandemonium lord
114568 | Zig:21   | Reached skill level 25 in Stealth
114726 | Zig:21   | Got a dazzling large shield
114738 | Zig:21   | Identified the cursed +0 large shield of the Wasteland {MR+ Str-3 Slay+2} (You found it on level 21 of a ziggurat)
114772 | Zig:21   | Got an ancient quarterstaff
114773 | Zig:21   | Identified the +4 quarterstaff "Rawastask" {holy, rN+} (You found it on level 21 of a ziggurat)
114782 | Zig:22   | Entered Level 22 of a ziggurat
114833 | Zig:22   | Noticed Messype the pandemonium lord
114835 | Zig:22   | Killed Messype the pandemonium lord
114835 | Zig:22   | Reached skill level 26 in Stealth
115000 | Zig:22   | Got a smoking steel ring
115001 | Zig:22   | Identified the cursed ring "Cezy" {MR+ Str+6 Int-3} (You found it on level 22 of a ziggurat)
115031 | Zig:22   | Got a garnet-studded plate armour
115042 | Zig:22   | Identified the +3 plate armour of Resourcefulness {Str+2 Int+3 Dex+3} (You found it on level 22 of a ziggurat)
115073 | Zig:23   | Entered Level 23 of a ziggurat
115086 | Zig:23   | Reached skill level 27 in Stealth
115134 | Zig:23   | Got a wavering brass ring
115149 | Zig:23   | Identified the Disquisition on Transmigration and Weightlessness
115162 | Zig:23   | Identified the ring "Fiuffuw" {rN+ Int+5} (You found it on level 23 of a ziggurat)
115196 | Zig:23   | Got a dazzling whip
115197 | Zig:23   | Identified the +7 whip "Ivynorak" {pain, rElec Str+3} (You found it on level 23 of a ziggurat)
115223 | Zig:24   | Entered Level 24 of a ziggurat
115232 | Zig:24   | Noticed a greater mummy
115233 | Zig:24   | Noticed a greater mummy
115233 | Zig:24   | Noticed a greater mummy
115235 | Zig:24   | Noticed a greater mummy
115236 | Zig:24   | Killed a greater mummy
115237 | Zig:24   | Noticed a greater mummy
115237 | Zig:24   | Killed a greater mummy
115237 | Zig:24   | Killed a greater mummy
115239 | Zig:24   | Killed a greater mummy
115241 | Zig:24   | Killed a greater mummy
115242 | Zig:24   | Noticed a greater mummy
115242 | Zig:24   | Noticed a greater mummy
115243 | Zig:24   | Noticed a greater mummy
115244 | Zig:24   | Noticed a greater mummy
115245 | Zig:24   | Killed a greater mummy
115245 | Zig:24   | Killed a greater mummy
115246 | Zig:24   | Killed a greater mummy
115258 | Zig:24   | Noticed a greater mummy
115262 | Zig:24   | Killed a greater mummy
115263 | Zig:24   | Noticed a greater mummy
115263 | Zig:24   | Killed a greater mummy
115264 | Zig:24   | Killed a greater mummy
115265 | Zig:24   | Killed a greater mummy
115268 | Zig:24   | Noticed a greater mummy
115276 | Zig:24   | Noticed a greater mummy
115284 | Zig:24   | Noticed a greater mummy
115287 | Zig:24   | HP: 2/209 [mummy priest's death curse (26)]
115287 | Zig:24   | Killed a greater mummy
115287 | Zig:24   | Engulfed by a cloud of negative energy

Vault maps used:
D:1:      dpeg_arrival_leaves_temple_mockup, minmay_splitting_lines
D:2:      minmay_door_square
D:3:      gup_sewer_entry_pipe, first_bread, hangedman_decor_growths, uniq_iyjb,
          uniq_robin
D:4:      makhleb_blood_cavern_becter, uniq_grinder
D:5:      lemuel_blue_sif_altar, minmay_temple_entry_statues_fountains,
          serial_shops, nicolae_shop_overgrown_old_shop, uniq_duvessa,
          uniq_sigmund
D:6:      lemuel_doored_altar, grunt_ministairs_14
D:7:      corexii_shantytown, serial_shops, shop_statue
D:8:      uniq_erolcha
D:9:      kennysheep_windowed_halls, zombieorc2_lemuel, minivault_27
D:10:     david_lair_generic, basic_altar, grunt_pizzeria, xom_confusion_cloud
D:12:     basic_altar, lemuel_centaur_altar
D:13:     uniq_rupert
D:14:     david_vaults_3, serial_bayou, serial_bayou_pond_d,
          serial_bayou_crossing, serial_bayou_shore_b, serial_bayou_pond_e,
          glass_columns_a
D:15:     hangedman_depths_entry_civil_slaughter, serial_ice, serial_ice_f,
          serial_ice_a, serial_ice_b, serial_ice_e,
          portal_ice_cave_entry_ice_beasts, special_room, minivault_11,
          serial_shops, shop, abandoned_shop
Temple:   kilobyte_greek_temple_18
Lair:3:   minmay_shoals_entry_hut, infiniplex_staircase_pool_2, uniq_fannar
Lair:5:   minmay_snake_entry_six_corridors, lightli_volcano_entry_magma_tube
Lair:6:   minmay_hedge_maze, st_stairs_4
Lair:7:   slime_altar_1, serial_bayou_lake_a
Lair:8:   evil_forest
Shoals:2: nicolae_shoals_arrival_archipelago
Shoals:4: shoals_end_grunt_garden, shoals_ilsuiw_ice
Snake:1:  hangedman_snake_corridor_split
Snake:3:  serial_shops, shop, shop, shop, nicolae_shop_waterfront, shop,
          st_stairs_13, uniq_aizul, uniq_mara
Snake:4:  snake_pit, serial_shops, shop
Slime:1:  basic_altar
Orc:1:    serial_shops, nicolae_shop_stone
Orc:2:    st_orc_ogre_mass
Elf:1:    minmay_elf_arrival_plus, minivault_28, uniq_agnes, uniq_donald
Elf:2:    serial_shops, nicolae_shop_statue_plus, uniq_louise
Elf:3:    minmay_elf_hall_hex, serial_shops, bzr_entry_lakeside, hex_medium
Vaults:1: nicolae_vaults_hallways_thing, dpeg_vaults_monster_row,
          nicolae_vaults_circle_grid_b, v_misc_17, grunt_vaults_trifunnel,
          dpeg_vaults_monster_box, v_pattern_2, vaults_dpeg_encased_lava,
          nicolae_vaults_border_crossing, nicolae_vaults_yaktaur_gun_rack,
          uniq_saint_roka
Vaults:2: ontoclasm_vaults_fault, nicolae_vaults_fighting_squares,
          grunt_vaults_diagonal, nicolae_vaults_little_squares_3,
          hangedman_vaults_slice, nicolae_vaults_alarming, v_misc_16,
          hangedman_vaults_cutoff, v_misc_13, vaults_dpeg_ring,
          vaults_mumra_minichess, ontoclasm_vaults_twist, serial_shops,
          bzr_firewalk, uniq_jory
Vaults:3: vaults_room_pools, minmay_crypt_entry_simple_statues,
          st_greater_box_2, vaults_mumra_lcd, v_misc_30, vaults_room_semicircle,
          v_misc_11, hangedman_vaults_cutoff
Vaults:4: grunt_vaults_hallway_long, v_alt_pattern_1,
          grunt_vaults_hallway_short, hangedman_vaults_maws,
          vaults_room_door_ring, serial_shops, nicolae_shop_behind_doors,
          uniq_frederick
Vaults:5: uniq_jorgrun
Crypt:1:  grunt_crypt_arrival_webbed
Crypt:2:  grunt_megastairs_3
Crypt:3:  church_of_pain_bobbens,
          nicolae_tomb_entry_unfolded_pyramid_orthogonal, uniq_xtahua
Depths:1: lightli_too_deep, kennysheep_boxes, patterned_corridor,
          infiniplex_staircase_pool_lava, serial_bayou_shore_b,
          serial_bayou_shore_b, uniq_nikola, uniq_asterion
Depths:2: minmay_crescents, enter_ziggurat_b, hell_entry, cheibriados_altar_1
Depths:3: kennysheep_blocky_hall, rand_demon_pan_entry_7,
          hangedman_decor_diamond_cutter, hell_entry,
          onia_ninara_dug_in_and_dangerous, uniq_enchantress
Depths:4: nooodl_heptagram, hell_entry, abyss_entry_crystal,
          kennysheep_big_empty_room, solitary_fountain,
          minmay_staircase_windowed_large
Depths:5: evilmike_zot_entry_diamond, special_room, pf_hell_entry_great_geh,
          pan_entry
Zot:1:    grunt_megastairs_2
Zot:3:    uniq_tiamat
Zot:4:    circus_mu, hangedman_snake_sidewinding
Abyss:5:  hangedman_abyss_rune_flesh_and_stone
Zig:7:    ziggurat_pillar_centre_smoke
Zig:10:   ziggurat_pillar_centre_c
Zig:17:   ziggurat_pillar_centre_dead_trees
Bazaar:   bazaar_short_row, bazaar_outfitter
Sewer:    sewer_frog_island_02
IceCv:    ice_cave_small_giant
Volcano:  volcano_pools

Skill      XL: |  1  2  3  4  5  6  7  8  9 10 11 12 13 14 15 16 17 18 19 20 21 22 23 24 25 26 27 |
---------------+----------------------------------------------------------------------------------+-----
Conjurations   | 5 6 11 14 15 18 24 | 24.0
Fighting       | 1 3 6 8 10 13 14 15 19 20 22 | 22.7
Dodging        | 6 8 10 12 15 20 | 20.2
Spellcasting   | 7 10 13 14 17 18 19 20 21 | 21.2
Fire Magic     | 5 8 20 | 20.6
Poison Magic   | 5 |  5.0
Air Magic      | 5 10 14 18 22 25 | 25.0
Summonings     | 7 8 |  8.0
Shields        | 9 13 | 13.3
Long Blades    | 8 |  8.1
Earth Magic    | 6 9 13 | 13.0
Translocations | 14 19 | 19.0
Charms         | 10 | 10.0
Ice Magic      | 12 | 12.5
Stealth        | 27 | 27.0

Action                   |  1- 3 |  4- 6 |  7- 9 | 10-12 | 13-15 | 16-18 | 19-21 | 22-24 | 25-27 || total
-------------------------+-------+-------+-------+-------+-------+-------+-------+-------+-------++-------
Melee: Unarmed           |     6 |       |       |       |       |       |       |       |       ||     6
       Club              |     1 |       |       |       |       |       |       |       |       ||     1
       Short sword       |    20 |       |       |       |       |       |       |       |       ||    20
       Hand axe          |     7 |   131 |   231 |    47 |       |       |       |       |       ||   416
       Mace              |       |       |       |    55 |    74 |    29 |       |       |       ||   158
       Demon whip        |       |       |       |       |     5 |       |       |       |       ||     5
       Halberd           |       |       |       |       |       |     1 |       |       |       ||     1
       Double sword      |       |       |       |       |       |    40 |   239 |    41 |    83 ||   403
       Flail             |       |       |       |       |       |       |    15 |    97 |     8 ||   120
       Rapier            |       |       |       |       |       |       |       |       |   263 ||   263
       Morningstar       |       |       |       |       |       |       |       |       |    10 ||    10
Throw: Throwing net      |       |     1 |     5 |     4 |     3 |       |     4 |       |       ||    17
 Cast: Magic Dart        |    51 |    21 |    90 |   228 |   415 |   218 |    95 |     2 |       ||  1120
       Searing Ray       |     2 |    11 |    41 |    32 |     1 |       |       |       |       ||    87
       Stone Arrow       |       |       |       |   312 |   626 |   574 |   349 |       |       ||  1861
       Iskenderun's Batt |       |       |       |    11 |   127 |   122 |   117 |   137 |    36 ||   550
       Force Lance       |       |       |       |     1 |     3 |     5 |    20 |     6 |       ||    35
       Iskenderun's Myst |       |       |       |       |    17 |     2 |   238 |   832 |   324 ||  1413
       Delayed Fireball  |       |       |       |       |    18 |    11 |    10 |       |       ||    39
       Poisonous Cloud   |       |       |       |       |    34 |   121 |   144 |    51 |     7 ||   357
       Blink             |       |       |       |       |     2 |     2 |     1 |       |     2 ||     7
       Repel Missiles    |       |       |       |       |     1 |     5 |     4 |       |       ||    10
       Spellforged Servi |       |       |       |       |       |    21 |     7 |     3 |       ||    31
       Chain Lightning   |       |       |       |       |       |    22 |   149 |   138 |   437 ||   746
       Fireball          |       |       |       |       |       |       |    37 |     2 |     6 ||    45
       Deflect Missiles  |       |       |       |       |       |       |     4 |     5 |     7 ||    16
       Tornado           |       |       |       |       |       |       |       |     7 |    24 ||    31
       Conjure Ball Ligh |       |       |       |       |       |       |       |     1 |    22 ||    23
       Lehudib's Crystal |       |       |       |       |       |       |       |       |   397 ||   397
       Fire Storm        |       |       |       |       |       |       |       |       |   122 ||   122
       Haste             |       |       |       |       |       |       |       |       |    17 ||    17
       Controlled Blink  |       |       |       |       |       |       |       |       |     6 ||     6
       Regeneration      |       |       |       |       |       |       |       |       |     3 ||     3
 Abil: Release Delayed F |       |       |       |       |    17 |    11 |    10 |     1 |       ||    39
Evoke: Phantom mirror    |       |       |       |       |     1 |       |       |       |     1 ||     2
       Wand              |       |       |       |       |       |       |       |     2 |     8 ||    10
  Use: Scroll            |       |     7 |     6 |    11 |    14 |     6 |    15 |     8 |    46 ||   113
       Potion            |       |     3 |     1 |     4 |     1 |     6 |     4 |     2 |    17 ||    38
 Stab: Sleeping          |     2 |     9 |    10 |     1 |       |       |       |       |       ||    22
       Distracted        |       |       |     1 |       |       |       |       |       |       ||     1
  Eat: Chunk             |     1 |     6 |    24 |    23 |    38 |    57 |    85 |    48 |    64 ||   346
       Pizza             |       |     1 |       |     2 |     8 |       |     1 |     2 |     3 ||    17
       Fruit             |       |       |     2 |     4 |     1 |       |     8 |     3 |     8 ||    26
       Beef jerky        |       |       |     1 |       |     1 |     1 |       |       |    10 ||    13
       Royal jelly       |       |       |       |       |     2 |     1 |       |     1 |     5 ||     9
       Bread ration      |       |       |       |       |     1 |     2 |       |       |       ||     3
Armor: Robe              |     4 |    68 |   114 |    77 |    60 |       |       |       |    14 ||   337
       Fire dragon armou |       |       |       |       |     5 |       |       |       |       ||     5
       Steam dragon armo |       |       |       |       |    25 |   139 |   216 |   186 |     8 ||   574
       Mottled dragon ar |       |       |       |       |       |       |       |       |   521 ||   521
Dodge: Dodged            |    24 |   163 |   285 |   188 |   372 |   415 |   442 |   345 |   537 ||  2771
       Deflected         |       |       |       |       |     3 |    25 |    93 |    77 |    65 ||   263
Block: Other             |       |       |       |       |    13 |    11 |       |       |       ||    24
       Reflection        |       |       |       |       |     5 |     2 |       |       |       ||     7
       Buckler           |       |       |       |       |       |    48 |   150 |       |       ||   198
       Shield            |       |       |       |       |       |       |    97 |   270 |   520 ||   887
